AoeStats
← fransl33

Nomad

505063149Analyzed
4v4 RM · 25d ago on Sep 7, 2026· 53m 2s· 8 players
Game mode
Random Map
Map size
231×231
Population
200
Speed
Normal
Resources
Standard
Victory
Conquest
Starting age
Dark Age
Ending age
Imperial Age
RankedLock teamsTeams togetherTeam positionsShared explorationLock speedFull tech treeHidden civsTurbo modeCheats
Victory
Defeat
🇩🇪 Britons · Germany
823
+18
🇨🇳 Huns · China
797
+19
🇷🇺 Khitans · Russia
750
+21
🇧🇷 Franks · Brazil
672
+25
🇪🇸 Japanese · Spain
923
-23
🇹🇷 Britons · Türkiye
863
-21
🇹🇷 Bengalis · Türkiye
855
-20
🇪🇸 Persians · Spain
817
-19
TheL4TinZ9
12:32 Feudal Age
19:32 Castle Age
19:04 Double-Bit Axe
19:03 Horse Collar
23:31 Bow Saw
27:11 Heavy Plow
30:13 Medium Warships
33:38 Imperial Age
32:52 Crossbowman
33:55 Arbalester
34:44 Gold Mining
35:56 Two-Man Saw
36:38 Wheelbarrow
36:40 Gold Shaft Mining
36:04 Fletching
36:16 Padded Archer Armor
37:21 Bodkin Arrow
39:26 Hand Cart
39:56 Bracer
40:12 Leather Archer Armor
41:58 Ballistics
42:39 Chemistry
43:08 Ring Archer Armor
43:04 Yeomen
50:41 Conscription
ANDREEVICH
19:34 Feudal Age
20:24 Domestication
20:46 Fishing Lines
21:23 Double-Bit Axe
21:55 Gold Mining
26:29 Castle Age
26:12 Stone Mining
27:34 Wheelbarrow
27:24 Gillnets
29:32 Bow Saw
30:55 Stone Shaft Mining
30:24 Pastoralism
30:54 Arson
31:10 Squires
30:56 Gambesons
30:33 Man-at-Arms
32:02 Long Swordsman
33:51 Forging
33:48 Scale Barding Armor
33:45 Scale Mail Armor
33:50 Husbandry
34:30 Hand Cart
37:36 Iron Casting
37:17 Chain Mail Armor
41:52 Town Watch
47:10 Imperial Age
45:05 Lamellar Armor
45:55 Fletching
48:52 Two-Man Saw
48:17 Conscription
47:31 Heavy Camel Rider
50:31 Plate Mail Armor
50:07 Two-Handed Swordsman
52:24 Chain Barding Armor
kaisar0615
7:12 Loom
17:57 Feudal Age
20:48 Double-Bit Axe
20:44 Horse Collar
26:39 Castle Age
30:49 Fletching
31:05 Scale Barding Armor
37:16 Heavy Plow
37:29 Bow Saw
37:30 Scale Mail Armor
37:45 Forging
40:19 Imperial Age
38:27 Wheelbarrow
42:32 Imperial Age
39:56 Gold Mining
40:41 Chain Barding Armor
40:57 Iron Casting
41:25 Town Watch
43:52 Plate Barding Armor
44:18 Blast Furnace
42:47 Light Cavalry
43:38 Bloodlines
43:29 Husbandry
43:28 Hussar
48:05 Caravan
[MCC] Bacteria-Am
3:06 Loom
15:13 Feudal Age
21:10 Castle Age
19:43 Double-Bit Axe
22:24 Bow Saw
22:54 Wheelbarrow
22:26 Stone Mining
22:27 Gold Mining
25:08 Medium Warships
25:10 Scale Barding Armor
25:16 Forging
25:07 Padded Archer Armor
24:58 Fletching
25:58 Hand Cart
29:39 Husbandry
30:03 Chain Barding Armor
30:00 Leather Archer Armor
29:44 Bodkin Arrow
31:09 Gold Shaft Mining
32:44 Iron Casting
36:49 Fortified Wall
36:35 Murder Holes
36:51 Clinker Construction
36:52 Careening
41:46 Imperial Age
42:13 Cavalier
43:13 Town Watch
45:28 Plate Barding Armor
45:54 Blast Furnace
45:14 Chivalry
46:52 Paladin
48:33 Town Patrol
53:04 Chemistry
52:11 Siphons
52:26 Ballistics
52:27 Carvel Hull
52:48 Dry Dock
fransl33
5:27 Loom
14:31 Feudal Age
15:40 Double-Bit Axe
16:23 Fishing Lines
21:36 Castle Age
19:45 Fletching
22:51 Medium Warships
23:32 Bow Saw
31:46 Imperial Age
33:07 Conscription
33:10 Gillnets
35:30 Thumb Ring
35:25 Bodkin Arrow
36:24 Ballistics
38:40 Chemistry
MAD
3:43 Loom
17:51 Feudal Age
18:26 Town Watch
19:17 Wheelbarrow
18:29 Double-Bit Axe
18:27 Horse Collar
25:57 Castle Age
25:27 Stone Mining
25:30 Gold Mining
30:59 Bow Saw
31:30 Hand Cart
31:21 Heavy Plow
32:27 Gold Shaft Mining
33:53 Town Patrol
37:06 Imperial Age
36:15 Paiks
37:17 Fletching
37:28 Padded Archer Armor
39:12 Two-Man Saw
38:47 Crop Rotation
38:07 Elite Elephant Archer
39:35 Bodkin Arrow
41:31 Ballistics
43:15 Chemistry
42:21 Siege Engineers
42:39 Leather Archer Armor
45:06 Ring Archer Armor
44:48 Bracer
49:54 Scale Barding Armor
karaokur
4:47 Loom
20:14 Feudal Age
20:36 Horse Collar
20:48 Double-Bit Axe
21:43 Wheelbarrow
23:14 Gold Mining
26:15 Castle Age
24:27 Town Watch
24:58 Stone Mining
25:06 Fletching
25:17 Padded Archer Armor
25:23 Scale Mail Armor
25:34 Forging
28:14 Hand Cart
28:27 Bow Saw
28:20 Heavy Plow
31:05 Gold Shaft Mining
30:53 Bodkin Arrow
31:14 Leather Archer Armor
35:34 Imperial Age
35:10 Iron Casting
34:58 Chain Mail Armor
34:32 Gambesons
34:47 Pikeman
35:28 Squires
36:47 Bracer
37:50 Yeomen
38:59 Chemistry
38:20 Ballistics
39:39 Conscription
39:56 Town Patrol
41:10 Elite Longbowman
47:27 Ring Archer Armor
gemmacr96
15:00 Feudal Age
18:51 Double-Bit Axe
18:52 Horse Collar
22:25 Bloodlines
25:28 Castle Age
25:28 Scale Barding Armor
25:34 Forging
26:52 Husbandry
27:13 Loom
28:03 Wheelbarrow
27:13 Town Watch
27:46 Loom
28:36 Wheelbarrow
27:47 Town Watch
28:59 Town Patrol
31:36 Chain Barding Armor
31:51 Iron Casting
31:47 Hand Cart
33:30 Gold Mining
Connection lost

Rejoining the realm…

Still unreachable

The connection could not be restored.

Session expired

The server has moved on; the page needs a fresh start.